 Dungeon Crawl Stone Soup version 0.29.1-2-gbd0b4ee654 (webtiles) character file.

Game seed: 13464101044736417570

569 styxcanada the Covert (level 7, -2/35 HPs)
             Began as a Spriggan Brigand on Oct 30, 2022.
             Slain by a fire bat (6 damage)
             ... on level 4 of the Dungeon.
             The game lasted 00:18:11 (6355 turns).

styxcanada the Covert (Spriggan Brigand)            Turns: 6355, Time: 00:18:14

Health: -2/35      AC:  3    Str:  7    XL:     7   Next: 11%
Magic:  11/11      EV: 16    Int: 13    God:
Gold:   227        SH: 11    Dex: 18    Spells: 7/10 levels left

rFire   . . .      SeeInvis +   a - +2 dagger
rCold   . . .      Faith    .   v - +0 buckler
rNeg    . . .      Spirit   .   b - +0 robe
rPois   .          Reflect  +   (helmet restricted)
rElec   .          Harm     .   c - +0 cloak
rCorr   .          Rampage  .   (gloves unavailable)
Will    +....                   (boots unavailable)
Stlth   ++++......              l - amulet of reflection
HPRegen 0.11/turn               (no ring)
MPRegen 0.12/turn               (no ring)

@: very quick
A: very small, no large weapons, unfitting armour, see invisible, speed 3
a: no special abilities


You were on level 4 of the Dungeon.
You visited 1 branch of the dungeon, and saw 4 of its levels.

You collected 227 gold pieces.

Inventory:

Hand Weapons
 a - a +2 dagger (weapon)
 y - a +4 sling
Missiles
 d - 2 atropa-tipped darts
 e - 2 curare-tipped darts
 g - 28 stones
 z - 11 poisoned darts (quivered)
Armour
 b - a +0 robe (worn)
 c - a +0 cloak (worn)
 v - a +0 buckler (worn)
Magical Staves
 p - a staff of conjuration
Jewellery
 l - an amulet of reflection (around neck)
Wands
 C - a wand of flame (17)
Scrolls
 f - 2 scrolls of poison {unknown}
 h - a scroll of butterflies {unknown}
 j - 5 scrolls of identify {unknown}
 k - 2 scrolls of immolation {unknown}
 o - 2 scrolls of fear {unknown}
 r - a scroll of teleportation {unknown}
 A - 4 scrolls of noise {unknown}
 B - a scroll of enchant armour {unknown}
Potions
 i - 3 potions of brilliance {unknown}
 m - a potion of haste {unknown}
 n - 2 potions of ambrosia {unknown}
 q - 2 potions of mutation {unknown}
 s - a potion of degeneration {unknown}
 t - a potion of lignification {unknown}
 u - 2 potions of curing {unknown}
 w - 3 potions of flight {unknown}
 x - a potion of heal wounds {unknown}
 D - a potion of cancellation {unknown}
 E - a potion of resistance


   Skills:
 * Level 2.2 Fighting
 + Level 4.0 Short Blades
 + Level 3.6 Throwing
 * Level 3.0 Dodging
 * Level 8.9 Stealth
 * Level 0.7 Shields
 * Level 2.0 Spellcasting
 * Level 0.8 Summonings
 * Level 1.7 Evocations


You had 7 spell levels left.
You knew the following spells:

 Your Spells              Type           Power      Damage    Failure   Level
a - Call Canine Familiar  Summ           3%         N/A       75%         3

Your spell library contained the following spells:

 Spells                   Type           Power      Damage    Failure   Level
 Summon Small Mammal      Summ           12%        N/A       36%         1
 Sandblast                Erth           2%         2d4       47%         1
 Slow                     Hex            4%         N/A       47%         1
 Passwall                 Tmut/Erth      0%         N/A       63%         2
 Summon Guardian Golem    Hex/Summ       2%         N/A       80%         3
 Confusing Touch          Hex            1%         N/A       85%         3
 Conjure Flame            Conj/Fire      1%         6-21      85%         3
 Ignite Poison            Fire/Tmut/Pois 1%         N/A       85%         3
 Stone Arrow              Conj/Erth      2%         3d7       85%         3
 Vampiric Draining        Necr           1%         2d6       85%         3
 Sticky Flame             Conj/Fire      1%         2d3       99%         4


Dungeon Overview and Level Annotations

Branches:
Dungeon (4/15)
 Temple: D:4-7

Altars:
Nemelex Xobeh
Sif Muna

Shops:
D:4 (

Annotations:
D:3 2 runed translucent doors, Jingleheimer's ghost, amateur HOMo
D:4 1 transporter, 3 runed translucent doors, SirLogeyBear's ghost, amateur HOBe


Innate Abilities, Weirdness & Mutations

You are very small and have problems with some larger weapons.
You are too small for most types of armour.
You have supernaturally acute eyesight. (SInv)
You cover ground extremely quickly. (Speed+++)


Message History

The fire bat is moderately wounded.
The fire bat closely misses you. You block the fire bat's attack.
Really walk into that cloud of flame?
Okay, then.
You block the fire bat's attack. The fire bat barely misses you.
The fire bat barely misses you.
Really walk into a travel-excluded area?
Okay, then.
Really walk into a travel-excluded area?
You are engulfed in blazing flames.
The fire bat bites you.
You are engulfed in flames!
The fire bat closely misses you. You block the fire bat's attack.
The fire bat attacks as you move away! The fire bat completely misses you.
You see here 10 gold pieces.
You now have 227 gold pieces (gained 10).
The fire bat barely misses you. You block the fire bat's attack.
You hit the fire bat.
The fire bat is moderately wounded.
You block the fire bat's attack. The fire bat barely misses you.
You hit the fire bat but do no damage. The fire bat bites you.
You are engulfed in flames!
* * * LOW HITPOINT WARNING * * *
You block the fire bat's attack.
You hit the fire bat.
The fire bat is moderately wounded.
The fire bat closely misses you. The fire bat completely misses you.
You see here a scroll labelled KINGAISINI.
You hit the fire bat.
The fire bat is lightly wounded.
You block the fire bat's attack. The fire bat closely misses you.
k - 2 scrolls labelled KINGAISINI (gained 1)
The fire bat barely misses you. The fire bat closely misses you.
You hit the fire bat.
The fire bat is moderately wounded.
You block the fire bat's attack.
The fire bat bites you but does no damage.
The fire bat bites you.
* * * LOW HITPOINT WARNING * * *
You are engulfed in flames.
You die...

............##○○...°○##..# #
.........##°°#.#○°##..# #
.......<.##°○...°○##..# #
........#####°○○####..# #
...........##☼☼○°☼○○☼☼#..# #
...........##.°.°○○☼○°#### #
#####......##○○°...°○.# # ...
#......##°○○b?$☼°°# #
!(..#......##○°☼@©b☼○○# #
..#.#.......########### ########
.#..#..........#.©.## ........
..#.#..........#...##.###########
....#.................... #
....#..........######.### .
++###................ # #########
...........########## #........
...........#........# #.#######


You could see 2 fire bats.

Vanquished Creatures
  Edmund (D:4)
  A black bear (D:4)
  2 iguanas (D:4)
  Ijyb (D:4)
  Natasha (thrice) (D:2)
  An orc wizard (D:3)
  4 gnolls (D:3)
  5 adders
  2 worms (D:2)
  2 dart slugs
  12 orcs
  8 ball pythons
  12 endoplasms
  4 giant cockroaches
  7 hobgoblins
  4 jackals
  2 quokkas
  2 bats
  2 frilled lizards
  6 goblins
  9 kobolds
  2 rats (D:1)
92 creatures vanquished.

Vanquished Creatures (others)
  A kobold (D:2)
1 creature vanquished.

Grand Total: 93 creatures vanquished

Notes
Turn   | Place    | Note
-------+----------+-------------------------------------------
     0 | D:1      | styxcanada the Spriggan Brigand began the quest for the
                  | Orb.
     0 | D:1      | Reached XP level 1. HP: 10/10 MP: 2/2
    10 | D:1      | Reached skill level 6 in Stealth
   450 | D:1      | Reached XP level 2. HP: 14/14 MP: 3/3
   472 | D:1      | Found a faded altar of an unknown god.
  1008 | D:1      | Reached skill level 7 in Stealth
  1020 | D:1      | Reached XP level 3. HP: 18/18 MP: 4/4
  1476 | D:2      | Noticed Natasha
  1512 | D:2      | Killed Natasha
  1589 | D:2      | Reached XP level 4. HP: 9/23 MP: 5/5
  2493 | D:2      | Noticed Natasha
  2505 | D:2      | Killed Natasha
  2983 | D:2      | Noticed Natasha
  3001 | D:2      | Killed Natasha
  3002 | D:2      | Reached skill level 8 in Stealth
  3002 | D:2      | Reached XP level 5. HP: 14/26 MP: 6/6
  3263 | D:3      | Found a runed translucent door.
  3776 | D:3      | Noticed Jingleheimer's ghost (amateur HOMo)
  3887 | D:3      | Found a sparkling altar of Nemelex Xobeh.
  4204 | D:3      | Learned a level 3 spell: Call Canine Familiar
  4280 | D:3      | Found a runed translucent door.
  4838 | D:4      | Reached XP level 6. HP: 30/30 MP: 7/7
  5029 | D:4      | Reached skill level 1 in Spellcasting
  5029 | D:4      | Reached skill level 1 in Evocations
  5196 | D:4      | Found Xib Anwi's Antique Weapon Shop.
  5201 | D:4      | Found a transporter.
  5417 | D:4      | Noticed Edmund
  5447 | D:4      | Killed Edmund
  5512 | D:4      | Reached XP level 7. HP: 9/35 MP: 9/11
  5995 | D:4      | Noticed Ijyb
  6013 | D:4      | Killed Ijyb
  6082 | D:4      | Found a runed translucent gate.
  6082 | D:4      | Found a runed translucent gate.
  6082 | D:4      | Found a runed translucent gate.
  6085 | D:4      | Noticed SirLogeyBear's ghost (amateur HOBe)
  6113 | D:4      | Found a shimmering blue altar of Sif Muna.
  6302 | D:4      | Found a transporter.
  6305 | D:4      | Noticed a fire bat
  6305 | D:4      | Noticed a fire bat
  6355 | D:4      | Slain by a fire bat

Illustrated notes

Levels and vault maps discovered:
D:1:      onia_arrival_handbag, layout_basic, ebering_ecumenical_altar_box
D:2:      layout_loops_cross, lemuel_flame_loot_1, uniq_natasha
D:3:      layout_basic, lemuel_tele_altar, ebering_ghost_sewer_f
D:4:      gammafunk_cloud_chamber, layout_basic,
          mainiacjoe_overflow_six_doors_small, gammafunk_ghost_split,
          serial_shops, shop, dreamdust_princess_bridge, uniq_edmund, uniq_ijyb

Skill      XL: |  1  2  3  4  5  6 |
---------------+-------------------+-----
Stealth        | 6 7 8 |  8.9
Short Blades   | 3 4 |  4.0
Dodging        | 2 3 |  3.0
Fighting       | 2 |  2.2
Throwing       | 3 |  3.6
Spellcasting   | 2 |  2.0
Evocations     | 1 |  1.7
Shields        | |  0.7
Summonings     | |  0.8

Action                   |  1- 3 |  4- 6 |  7- 9 || total
-------------------------+-------+-------+-------++-------
Melee: Dagger            |    69 |   166 |    23 ||   258
 Fire: Sling             |       |     4 |       ||     4
Throw: Dart              |    13 |    67 |     3 ||    83
       Stone             |       |     4 |       ||     4
 Stab: Sleeping          |    14 |    12 |       ||    26
Armor: Robe              |     6 |    13 |     4 ||    23
Dodge: Dodged            |    37 |    70 |    22 ||   129
Block: Other             |     2 |    14 |       ||    16
       Reflection        |       |     6 |       ||     6
       Buckler           |       |    27 |    15 ||    42
